 Dungeon Crawl Stone Soup version 0.30-a0-394-g3e4acdb0ae (webtiles) character file.

Game seed: 10723276422648923069

5170 Lobster4 the Thaumaturge (level 10, 0/59 HPs)
             Began as a Deep Elf Fire Elementalist on Dec 6, 2022.
             Was an Initiate of Vehumet.
             Succumbed to a killer bee's poison
             ... on level 8 of the Dungeon.
             The game lasted 00:31:27 (10678 turns).

Lobster4 the Thaumaturge (DEFE)                    Turns: 10678, Time: 00:31:27

Health: 0/59       AC:  7    Str:  5    XL:     10   Next: 34%
Magic:  15/24      EV: 13    Int: 25    God:    Vehumet [......]
Gold:   458        SH:  0    Dex: 15    Spells: 18/25 levels left

rFire   + . .      SeeInvis .    a - staff of fire
rCold   . . .      Faith    .    (no shield)
rNeg    + . .      Spirit   .    J - +0 leather armour
rPois   .          Reflect  .    A - +0 helmet
rElec   +          Harm     .    D - +0 cloak
rCorr   .          Rampage  .    (no gloves)
Will    +....                    t - +0 pair of boots
Stlth   ++........               q - amulet of the Air {Inacc Air Fly rElec RMsl}
HPRegen 0.29/turn                o - +4 ring of slaying
MPRegen 0.19/turn                g - ring of positive energy

@: lethally poisoned (0 -> -10), flying, repel missiles
A: no striking features
a: Renounce Religion


You were on level 8 of the Dungeon.
You worshipped Vehumet.
Vehumet was noncommittal.
You visited 2 branches of the dungeon, and saw 10 of its levels.
You also visited: Sewer.

You collected 458 gold pieces.

Inventory:

Hand Weapons
 b - a +1 sling
 h - a +1 dagger of protection
 p - a +0 shortbow
 z - the +2 hammer "Cixeusen" {venom, Str+4}
   (You found it on level 5 of the Dungeon)

   It poisons the flesh of those it strikes.
   Str:       It affects your strength (+4).
 E - a +0 vorpal long sword
 H - a +2 dagger of venom
Missiles
 m - a boomerang
 B - 33 poisoned darts (quivered)
Armour
 s - a +0 robe
 t - a +0 pair of boots (worn)
 A - a +0 helmet (worn)
 D - a +0 cloak (worn)
 J - a +0 leather armour (worn)
 K - a +1 ring mail of fire resistance
Magical Staves
 a - a staff of fire (weapon)
Jewellery
 g - a ring of positive energy (right hand)
 l - a ring of fire
 o - a +4 ring of slaying (left hand)
 q - the amulet of the Air (around neck) {Inacc Air Fly rElec RMsl}
   (You found it on level 2 of the Dungeon)

   [amulet of nothing]

   It reduces the accuracy of all your attacks.
   It enhances your air magic.
   rElec:     It insulates you from electricity.
   Fly:       It grants you flight.
   RMsl:      It protects you from missiles.
Wands
 e - a wand of charming (7)
 C - a wand of polymorph (10)
 F - a wand of flame (20)
Scrolls
 c - 2 scrolls of fear
 i - a scroll of fog
 j - 4 scrolls of teleportation
 y - 2 scrolls of immolation
Potions
 d - a potion of lignification
 f - 7 potions of heal wounds
 k - 5 potions of degeneration {unknown}
 n - 2 potions of magic
 r - 5 potions of cancellation {unknown}
 u - 2 potions of ambrosia
 v - 5 potions of brilliance
 x - 5 potions of curing
 G - 3 potions of haste
 I - 2 potions of might {unknown}
 L - a potion of invisibility


   Skills:
 + Level 5.0 Fighting
 - Level 1.0(1.1) Short Blades
 - Level 0.6(1.0) Long Blades
 - Level 0.7(1.0) Maces & Flails
 - Level 1.0(1.2) Staves
 + Level 3.8 Ranged Weapons
 - Level 1.0 Throwing
 - Level 4.0 Armour
 + Level 5.2 Dodging
 - Level 3.0 Stealth
 + Level 8.4 Spellcasting
 + Level 6.5 Conjurations
 + Level 7.4 Fire Magic
 - Level 3.0 Air Magic
 - Level 3.0 Poison Magic
 - Level 3.0 Evocations


You had 18 spell levels left.
You knew the following spells:

 Your Spells              Type           Power      Damage    Failure   Level
a - Foxfire               Conj/Fire      100%       2x1d9     1%          1
b - Scorch                Fire           100%       2d10      1%          2
c - Magic Dart            Conj           100%       1d8       1%          1
d - Mephitic Cloud        Conj/Pois/Air  47%        N/A       4%          3

Your spell library contained the following spells:

 Spells                   Type           Power      Damage    Failure   Level
 Kiss of Death            Conj/Necr      100%       2d13      2%          1
 Flame Wave               Conj/Fire      62%        2d14      4%          4
 Cigotuvi's Dreadful Rot  Necr/Pois/Air  60%        N/A       6%          2
 Ignite Poison            Fire/Tmut/Pois 41%        N/A       6%          3
 Inner Flame              Hex/Fire       43%        N/A       6%          3
 Kindle Blastsparks       Fire/Tloc/Air  100%       2d18      6%          3
 Swiftness                Air            38%        N/A       8%          3
 Call Imp                 Summ           10%        N/A       14%         2
 Ensorcelled Hibernation  Hex/Ice        20%        N/A       14%         2
 Passwall                 Tmut/Erth      8%         N/A       14%         2
 Spider Form              Tmut/Pois      18%        N/A       14%         3
 Confusing Touch          Hex            10%        N/A       26%         3
 Frozen Ramparts          Ice            20%        1d4       26%         3
 Cause Fear               Hex            5%         N/A       65%         4
 Dispel Undead            Necr           10%        3d9       65%         4
 Ice Form                 Ice/Tmut       10%        N/A       65%         4
 Summon Ice Beast         Ice/Summ       10%        N/A       65%         4
 Silence                  Hex/Air        13%        N/A       80%         5
 Death Channel            Necr           5%         N/A       100%        6
 Summon Cactus Giant      Summ           5%         N/A       100%        6
 Dragon Form              Tmut           5%         N/A       100%        7
 Chain Lightning          Conj/Air       25%        3d34      100%        9
 Dragon's Call            Summ           5%         N/A       100%        9
 Fire Storm               Conj/Fire      31%        8d8       100%        9
 Shatter                  Erth           5%         3d8*      100%        9


Dungeon Overview and Level Annotations

Branches:
Dungeon (9/15)             Temple (1/1) D:7           Sewer (visited)
   Lair: D:8-11         Orc: D:9-12

Altars:
Ashenzari
Cheibriados
Dithmenos
Elyvilon
Fedhas
Gozag
Hepliaklqana
Kikubaaqudgha
Makhleb
Nemelex Xobeh
Okawaru
Qazlal
Sif Muna
Trog
Uskayaw
Vehumet
Wu Jian
Xom
Zin
The Shining One

Shops:
D:4 :

Annotations:
D:3 1 runed translucent door, Grinder; lunkers's ghost, amateur MeGl
D:8 2 transporters, Joey1's ghost, novice MiFi


Message History

The killer bee is heavily wounded.
The killer bee closely misses you. The killer bee barely misses you.
The killer bee stings you but does no damage.
The killer bee stings you! The killer bee closely misses you.
The killer bee stings you.
You are more poisoned.
The killer bee poisons you!
Unknown command.
Casting: Foxfire (safe; 1% risk of failure)
Confirm with . or Enter, or press ? or * to list all spells.
You feel a surge of power!
Flames lash the centaur.
The centaur is lightly wounded.
The centaur's fire resistance burns away.
You feel very sick.
The foxfire hits the killer bee!
You kill the killer bee!
Vehumet accepts your kill.
The foxfire hits the killer bee.
You kill the killer bee!
Vehumet accepts your kill. The killer bee stings you.
You are more poisoned.
The killer bee poisons you!
The centaur wields a +0 shortbow.
The centaur shoots an arrow.
The arrow closely misses you.
A yak comes into view.
The killer bee stings you but does no damage.
The yak bellows!
Unknown command.
You feel very sick.
The centaur shoots an arrow.
The arrow barely misses you. The killer bee closely misses you.
There is a stone staircase leading up here.
You feel very sick. The killer bee stings you.
* * * LOW HITPOINT WARNING * * *
The killer bee stings you.
* * * LOW HITPOINT WARNING * * *
You fly upwards.
Level annotation: 2 transporters, Joey1's ghost, novice MiFi You die...

################†#
#.# #....#
#.####.###.####
#........#.#
##..###.#.#.#
#...###.#.#.#
#.#.##..#.#.#
#.#[......#.#
#.#..#.#..#.#
#y@.........#
#.#.[#.#..### ####
#####.#.......#
..)#
#..........####
##.## #.###.##.###
....## #.# #.##.#
.....## #.# #.##.#
≈.≈≈..# #.#
#.##.#########
≈.≈...#####.#
#.##.........##


You could see a killer bee.

Vanquished Creatures
  2 hornets
  8 yaks (D:8)
  Sigmund (D:3)
  A steam dragon (D:8)
  Menkaure (D:6)
  2 water moccasins
  A black bear (D:5)
  2 ice beasts
  A sky beast (D:6)
  2 centaurs
  2 phantoms
  2 bullfrogs
  3 kobold brigands
  Blork the orc (D:5)
  A gnoll sergeant (D:7)
  3 scorpions
  4 wights (D:8)
  12 killer bees
  2 howler monkeys
  Crazy Yiuf (D:5)
  A gnoll bouda (D:8)
  3 orc priests
  Terence (D:3)
  7 orc wizards
  Robin (D:3)
  8 gnolls
  7 river rats
  10 adders
  A white imp (D:7)
  An ufetubus (D:7)
  5 worms
  A dart slug (D:4)
  17 orcs
  9 ball pythons
  5 endoplasms
  3 giant cockroaches
  11 goblins
  11 hobgoblins
  6 jackals
  2 quokkas
  2 bats
  A frilled lizard (D:1)
  28 kobolds
  31 rats
224 creatures vanquished.

Vanquished Creatures (collateral kills)
  A killer bee (D:6)
  An orc (D:7)
2 creatures vanquished.

Vanquished Creatures (others)
  A killer bee (D:6)
  618 foxfires
619 creatures vanquished.

Grand Total: 845 creatures vanquished

Notes
Turn   | Place    | Note
-------+----------+-------------------------------------------
     0 | D:1      | Lobster4 the Deep Elf Fire Elementalist began the quest for
                  | the Orb.
     0 | D:1      | Reached XP level 1. HP: 10/10 MP: 6/6
   365 | D:1      | Learned a level 1 spell: Magic Dart
   502 | D:1      | Reached XP level 2. HP: 3/15 MP: 4/8
   557 | D:1      | Learned a level 2 spell: Scorch
  1361 | D:2      | Found the amulet of the Air {Inacc Air Fly rElec RMsl}
  1397 | D:2      | Reached XP level 3. HP: 20/20 MP: 2/9
  1466 | D:2      | Learned a level 3 spell: Mephitic Cloud
  1678 | D:2      | Reached XP level 4. HP: 24/24 MP: 2/11
  1862 | D:2      | Reached skill level 1 in Fighting
  2259 | D:1      | Reached skill level 1 in Armour
  2325 | D:3      | Reached skill level 1 in Poison Magic
  2436 | D:3      | Reached XP level 5. HP: 29/29 MP: 6/12
  2485 | D:3      | Reached skill level 1 in Air Magic
  2528 | D:3      | Noticed Robin
  2600 | D:3      | Noticed Grinder
  2699 | D:3      | Noticed Sigmund
  2703 | D:3      | Killed Sigmund
  2704 | D:3      | Reached skill level 1 in Staves
  2704 | D:3      | Reached skill level 4 in Spellcasting
  2704 | D:3      | Reached skill level 1 in Evocations
  2704 | D:3      | Reached XP level 6. HP: 34/34 MP: 8/14
  2705 | D:3      | Found a snail-covered altar of Cheibriados.
  2801 | D:3      | Noticed Terence
  2819 | D:3      | Killed Terence
  2820 | D:3      | Reached skill level 1 in Throwing
  2889 | D:3      | Found a runed translucent door.
  2978 | D:3      | Noticed lunkers's ghost (amateur MeGl)
  3073 | D:3      | Killed Robin
  3622 | D:4      | Found Peome's Self-Improvement Boutique.
  4242 | D:5      | Entered Level 5 of the Dungeon
  4254 | D:5      | Reached XP level 7. HP: 39/39 MP: 7/15
  4481 | D:5      | Found a glowing drain.
  4488 | Sewer    | Entered a sewer
  5708 | D:5      | Got the Folio of Pollution and Weather
  5783 | D:5      | Reached skill level 1 in Short Blades
  5783 | D:5      | Reached skill level 5 in Spellcasting
  5785 | D:5      | Reached XP level 8. HP: 45/45 MP: 2/17
  6005 | D:5      | Noticed Blork the orc
  6012 | D:5      | Killed Blork the orc
  6099 | D:5      | Reached skill level 5 in Fire Magic
  6148 | D:5      | Found an iron altar of Okawaru.
  6225 | D:5      | Identified the +2 hammer "Cixeusen" {venom, Str+4}
  6229 | D:5      | Found a runed translucent door.
  6230 | D:5      | Noticed Crazy Yiuf
  6236 | D:5      | Killed Crazy Yiuf
  6790 | D:6      | Noticed Menkaure
  6795 | D:6      | Killed Menkaure
  6796 | D:6      | Reached skill level 6 in Spellcasting
  6856 | D:6      | Found a glowing golden altar of the Shining One.
  7234 | D:6      | Reached XP level 9. HP: 51/51 MP: 15/20
  7925 | D:7      | Reached skill level 5 in Conjurations
  8221 | D:7      | Reached skill level 7 in Spellcasting
  8283 | D:7      | Found a staircase to the Ecumenical Temple.
  8419 | Temple   | Entered the Ecumenical Temple
  8793 | D:7      | Found a glowing silver altar of Zin.
  9301 | D:8      | Reached skill level 1 in Ranged Weapons
  9548 | D:8      | Found a radiant altar of Vehumet.
  9680 | D:8      | Found a transporter.
  9680 | D:8      | Noticed Joey1's ghost (novice MiFi)
  9722 | D:8      | Found a transporter.
  9722 | D:8      | Noticed a moth of wrath
 10040 | D:8      | Reached XP level 10. HP: 58/58 MP: 14/23
 10175 | D:8      | Found a sparkling altar of Nemelex Xobeh.
 10240 | D:8      | Reached skill level 8 in Spellcasting
 10399 | D:8      | Reached skill level 5 in Dodging
 10615 | D:8      | Became a worshipper of Vehumet
 10671 | D:9      | Reached skill level 5 in Fighting
 10678 | D:8      | Succumbed to a killer bee's poison

Illustrated notes

Levels and vault maps discovered:
D:1:      saegor_arrival_simple_e, layout_loops_ring
D:2:      layout_basic
D:3:      layout_rooms, lemuel_crystal_altar, ebering_ghost_reflecting_pool,
          uniq_terence, uniq_sigmund, uniq_grinder, uniq_robin
D:4:      layout_loops_corners, minmay_fountain_box, nicolae_shop_self_help
D:5:      layout_rooms, okawaru_trees_2, lightli_sewer_entry_pipes,
          uniq_blork_the_orc, uniq_crazy_yiuf_cottage
D:6:      layout_basic, mainiacjoe_overflow_catwalk, uniq_menkaure
D:7:      layout_loops_ring, mainiacjoe_overflow_cross_hatched,
          temple_fountains, minmay_liquid_box, minmay_curled_crystal,
          kennysheep_generic_room_12
D:8:      layout_loops_ring, mainiacjoe_overflow_small_starburst,
          nemelex_spade_bored_becter, gammafunk_ghost_berserking_beasts,
          dreamdust_gnoll_shepherd
D:9:      layout_cross, nicolae_ru_sacrificial_ziggurat, enter_bailey_2,
          onia_ninara_dug_in_and_dangerous
Temple:   nicolae_temple_two_arcs

Skill      XL: |  1  2  3  4  5  6  7  8  9 10 |
---------------+-------------------------------+-----
Dodging        | 3 4 5 |  5.2
Stealth        | 3 |  3.0
Conjurations   | 2 3 4 6 |  6.5
Fighting       | 1 2 3 4 5 |  5.0
Armour         | 1 2 3 4 |  4.0
Poison Magic   | 1 2 3 |  3.0
Air Magic      | 1 2 3 |  3.0
Staves         | 1 |  1.0
Spellcasting   | 4 5 6 7 8 |  8.4
Fire Magic     | 4 5 7 |  7.4
Evocations     | 1 2 3 |  3.0
Throwing       | 1 |  1.0
Short Blades   | 1 |  1.0
Ranged Weapons | 2 3 |  3.8
Long Blades    | |  0.6
Maces & Flails | |  0.7

Action                   |  1- 3 |  4- 6 |  7- 9 | 10-12 || total
-------------------------+-------+-------+-------+-------++-------
Melee: Staff             |       |       |     1 |       ||     1
Throw: Dart              |       |       |     2 |       ||     2
 Cast: Foxfire           |    47 |    60 |   239 |    24 ||   370
       Magic Dart        |    23 |    18 |     4 |       ||    45
       Scorch            |       |    18 |    98 |    20 ||   136
       Mephitic Cloud    |       |       |     3 |     2 ||     5
Evoke: Wand              |       |       |     2 |       ||     2
  Use: Scroll            |       |     7 |    12 |     1 ||    20
       Potion            |       |       |     1 |       ||     1
Armor: Robe              |     5 |     2 |     7 |       ||    14
       Leather armour    |       |       |     5 |     4 ||     9
Dodge: Dodged            |    10 |     1 |    33 |    10 ||    54
       Repelled          |       |       |     1 |       ||     1

Table legend: (Time is in decaauts)
 A = Elapsed time spent in this place.
 B = Non-inter-level travel time spent in this place.
 C = Inter-level travel time spent in this place.
 D = Time resting spent in this place.
 E = Time spent auto-exploring this place.
 F = Levels seen in this place.
 G = Mean time per level.
                   A        B        C        D        E       F      G
               +--------+--------+--------+--------+--------+-----+--------+
         Total |  10671 |  10339 |    332 |   1480 |   6961 |  11 |  970.1 |
       Dungeon |   9380 |   9062 |    318 |   1353 |   6056 |   9 | 1042.2 |
        Temple |    200 |    186 |     14 |      0 |    177 |   1 |  200.0 |
         Sewer |   1090 |   1090 |      0 |    127 |    728 |   1 | 1090.0 |
               +--------+--------+--------+--------+--------+-----+--------+

Top non-repeatable levels by time:
     D:8: 1460 daAuts
     D:6: 1380 daAuts
     D:1: 1309 daAuts
     D:7: 1178 daAuts
     D:5: 1105 daAuts
   Sewer: 1090 daAuts
     D:2: 992 daAuts
     D:4: 989 daAuts
     D:3: 948 daAuts
  Temple: 200 daAuts
     D:9: 14 daAuts
